AoeStats
← pompoko

Arabia

510188047Analyzed
1v1 RM · 2d ago on Sep 29, 2026· 24m 9s· 2 players
Game mode
Random Map
Map size
Tiny (2 player)
Population
200
Speed
Normal
Resources
Standard
Victory
Conquest
Starting age
Dark Age
Ending age
Imperial Age
RankedLock teamsTeams togetherTeam positionsShared explorationLock speedFull tech treeHidden civsTurbo modeCheats
Victory
Defeat
🇦🇷 Franks · Argentina
1072
+18
🇫🇷 Varangians · France
1112
-18
AGS.ZefloneXx44
3:47 Loom
7:14 Loom
10:47 Feudal Age
11:36 Double-Bit Axe
11:33 Horse Collar
14:45 Bloodlines
20:46 Forging
23:45 Scale Mail Armor
pompoko
7:13 Loom
9:23 Feudal Age
10:03 Double-Bit Axe
17:27 Town Watch
19:52 Wheelbarrow
21:41 Castle Age
20:41 Gold Mining
21:03 Scale Barding Armor
21:27 Forging
23:32 Bow Saw
Connection lost

Rejoining the realm…

Still unreachable

The connection could not be restored.

Session expired

The server has moved on; the page needs a fresh start.